TOP OF THE 1ST |
---|
Houston Marshals batting - Pitching for Vista Panthers : RHP Carlos Trujillo | Pitching: RHP Carlos Trujillo | | Batting: RHB Javier Rentería | 0-0: Ball 1-0: Ball 2-0: Swinging Strike 2-1: Ball 3-1: Base on Balls | Batting: LHB Guy Moss | 0-0: Ball 1-0: Fly out, F9 (Flyball, 89M) | Batting: SHB Ramón Lugo | 0-0: Ball 1-0: Ball 2-0: Ball 3-0: Base on Balls Javier Rentería to second | Batting: LHB Matt Smith | 0-0: Ball 1-0: Ball 2-0: Called Strike 2-1: Ball 3-1: Grounds into double play, 3-6-3 (Groundball, 34) | Top of the 1st over - 0 runs, 0 hits, 0 errors, 1 left on base; Houston 0 - Vista 0 | BOTTOM OF THE 1ST |
---|
Vista Panthers batting - Pitching for Houston Marshals : RHP José Gonzáles | Pitching: RHP José Gonzáles | | Batting: LHB Ramiro Martínez | 0-0: Ball 1-0: Ball 2-0: SINGLE (Groundball, 4MD) | Batting: RHB Stephen Wilson | 0-0: Called Strike 0-1: Called Strike 0-2: Foul Ball, location: 2F 0-2: Foul Ball, location: 2F 0-2: Ball 1-2: Strikes out swinging | Batting: LHB Dante Owens | 0-0: Ball 1-0: Fly out, F7 (Flyball, 78D) | Batting: SHB Juan Castro | 0-0: Called Strike 0-1: Fly out, F7 (Flyball, 78M) | Bottom of the 1st over - 0 runs, 1 hit, 0 errors, 1 left on base; Houston 0 - Vista 0 | TOP OF THE 2ND |
---|
Houston Marshals batting - Pitching for Vista Panthers : RHP Carlos Trujillo | Batting: LHB Lewis Barr | 0-0: Ball 1-0: Called Strike 1-1: Fly out, F8 (Flyball, 8LXD) | Batting: RHB Esteban Lara | 0-0: Ball 1-0: Swinging Strike 1-1: Swinging Strike 1-2: Ball 2-2: Foul Ball, location: 2F 2-2: Ball 3-2: Fly out, F7 (Flyball, 7D) | Batting: SHB Juan Gómez | 0-0: Called Strike 0-1: Called Strike 0-2: Strikes out swinging | Top of the 2nd over - 0 runs, 0 hits, 0 errors, 0 left on base; Houston 0 - Vista 0 | BOTTOM OF THE 2ND |
---|
Vista Panthers batting - Pitching for Houston Marshals : RHP José Gonzáles | Batting: RHB Jake Reeves | 0-0: Ball 1-0: Foul Ball, location: 2F 1-1: Called Strike 1-2: Fly out, F8 (Flyball, 8LD) | Batting: LHB Noriaki Sangi | 0-0: Called Strike 0-1: Called Strike 0-2: Strikes out swinging | Batting: RHB Cisco Gatán | 0-0: Ball 1-0: Called Strike 1-1: Foul Ball, location: 2F 1-2: Ball 2-2: Fly out, F8 (Flyball, 8RM) | Bottom of the 2nd over - 0 runs, 0 hits, 0 errors, 0 left on base; Houston 0 - Vista 0 | TOP OF THE 3RD |
---|
Houston Marshals batting - Pitching for Vista Panthers : RHP Carlos Trujillo | Batting: RHB Jim Tracy | 0-0: Called Strike 0-1: Foul Ball, location: 2F 0-2: Fly out, F9 (Line Drive, 9S) | Batting: RHB Michael Thomas | 0-0: Ball 1-0: Foul Ball, location: 2F 1-1: Foul Ball, location: 2F 1-2: Fly out, F6 (Line Drive, 6) | Batting: RHB Javier Rentería | 0-0: Ball 1-0: Ball 2-0: Swinging Strike 2-1: Called Strike 2-2: Strikes out swinging | Top of the 3rd over - 0 runs, 0 hits, 0 errors, 0 left on base; Houston 0 - Vista 0 | BOTTOM OF THE 3RD |
---|
Vista Panthers batting - Pitching for Houston Marshals : RHP José Gonzáles | Batting: RHB Phil Matthews | 0-0: Ball 1-0: Foul Ball, location: 2F 1-1: Ball 2-1: Ball 3-1: Foul Ball, location: 2F 3-2: Foul Ball, location: 2F 3-2: SINGLE (Line Drive, 7S) | Batting: RHB Carlos García | 0-0: Called Strike 0-1: Foul Ball, location: 2F 0-2: Ball 1-2: Ball 2-2: Fly out, F9 (Flyball, 9S) | Batting: LHB Ramiro Martínez | 0-0: Ball 1-0: 2-RUN HOME RUN (Flyball, 9LD), Distance : 334 ft | Batting: RHB Stephen Wilson | 0-0: Foul Ball, location: 2F 0-1: Swinging Strike 0-2: Ball 1-2: Ball 2-2: Ball 3-2: Base on Balls | Batting: LHB Dante Owens | 0-0: Ball 1-0: Ball 2-0: Ball 3-0: SINGLE (Groundball, 4MD) Stephen Wilson to second Runner from 2nd tries for 3rd, OUT! | Batting: SHB Juan Castro | 0-0: Called Strike 0-1: Ball Dante Owens steals 2nd base 1-1: Called Strike 1-2: Ball 2-2: Ball 3-2: Fly out, F6 (Line Drive, 6M) | Bottom of the 3rd over - 2 runs, 3 hits, 0 errors, 1 left on base; Houston 0 - Vista 2 | TOP OF THE 4TH |
---|
Houston Marshals batting - Pitching for Vista Panthers : RHP Carlos Trujillo | Batting: LHB Guy Moss | 0-0: DOUBLE (Line Drive, 8LD) | Batting: SHB Ramón Lugo | 0-0: Called Strike 0-1: Called Strike 0-2: Ground out 4-3 (Groundball, 4) Guy Moss to third | Batting: LHB Matt Smith | 0-0: Ball 1-0: Foul Ball, location: 2F 1-1: Ball 2-1: SINGLE (Flyball, 78M) Guy Moss scores | Batting: LHB Lewis Barr | 0-0: Ball 1-0: Called Strike 1-1: Swinging Strike 1-2: Ball 2-2: Ball 3-2: Base on Balls Matt Smith to second | Batting: RHB Esteban Lara | 0-0: Ball 1-0: Ball 2-0: Called Strike 2-1: Swinging Strike 2-2: Fly out, F8 (Flyball, 8LD) | Batting: SHB Juan Gómez | 0-0: Called Strike 0-1: Ground out 4-3 (Groundball, 4) | Top of the 4th over - 1 run, 2 hits, 0 errors, 2 left on base; Houston 1 - Vista 2 | BOTTOM OF THE 4TH |
---|
Vista Panthers batting - Pitching for Houston Marshals : RHP José Gonzáles | Batting: RHB Jake Reeves | 0-0: Ball 1-0: Fly out, F8 (Flyball, 8LM) | Batting: LHB Noriaki Sangi | 0-0: Foul Ball, location: 2F 0-1: Foul Ball, location: 2F 0-2: Fly out, F8 (Flyball, 8LM) | Batting: RHB Cisco Gatán | 0-0: Called Strike 0-1: Foul Ball, location: 2F 0-2: Ground out 6-3 (Groundball, 6) | Bottom of the 4th over - 0 runs, 0 hits, 0 errors, 0 left on base; Houston 1 - Vista 2 | TOP OF THE 5TH |
---|
Houston Marshals batting - Pitching for Vista Panthers : RHP Carlos Trujillo | Batting: RHB Jim Tracy | 0-0: Called Strike 0-1: Ball 1-1: Ball 2-1: Foul Ball, location: 2F 2-2: Ground out 1-3 (Groundball, 13S) | Batting: RHB Michael Thomas | 0-0: Ball 1-0: Swinging Strike 1-1: Fly out, F8 (Flyball, 8RXD) | Batting: RHB Javier Rentería | 0-0: Called Strike 0-1: Ball 1-1: Foul Ball, location: 2F 1-2: Strikes out swinging | Top of the 5th over - 0 runs, 0 hits, 0 errors, 0 left on base; Houston 1 - Vista 2 | BOTTOM OF THE 5TH |
---|
Vista Panthers batting - Pitching for Houston Marshals : RHP José Gonzáles | Batting: RHB Phil Matthews | 0-0: Fly out, F7 (Flyball, 7LD) | Batting: RHB Carlos García | 0-0: Ball 1-0: Fly out, F8 (Flyball, 8LXD) | Batting: LHB Ramiro Martínez | 0-0: Called Strike 0-1: Ball 1-1: Swinging Strike 1-2: Ball 2-2: Strikes out swinging | Bottom of the 5th over - 0 runs, 0 hits, 0 errors, 0 left on base; Houston 1 - Vista 2 | TOP OF THE 6TH |
---|
Houston Marshals batting - Pitching for Vista Panthers : RHP Carlos Trujillo | Batting: LHB Guy Moss | 0-0: Ball 1-0: Called Strike 1-1: SOLO HOME RUN (Flyball, 9LD), Distance : 330 ft | Batting: SHB Ramón Lugo | 0-0: Swinging Strike 0-1: Fly out, F7 (Flyball, 7S) | Batting: LHB Matt Smith | 0-0: Ball 1-0: SINGLE (Groundball, 23) (infield hit) | Batting: LHB Lewis Barr | 0-0: Ball 1-0: Fly out, F8 (Flyball, 8LM) | Batting: RHB Esteban Lara | 0-0: Called Strike 0-1: Ball 1-1: Ball 2-1: Fly out, F3 (Line Drive, 34) | Top of the 6th over - 1 run, 2 hits, 0 errors, 1 left on base; Houston 2 - Vista 2 | BOTTOM OF THE 6TH |
---|
Vista Panthers batting - Pitching for Houston Marshals : RHP José Gonzáles | Batting: RHB Stephen Wilson | 0-0: Fly out, F9 (Flyball, 9) | Batting: LHB Dante Owens | 0-0: Ball 1-0: Swinging Strike 1-1: Ball 2-1: Ground out 4-3 (Groundball, 4) | Batting: SHB Juan Castro | 0-0: Called Strike 0-1: Ball 1-1: Foul Ball, location: 2F 1-2: Ground out 4-3 (Groundball, 4) | Bottom of the 6th over - 0 runs, 0 hits, 0 errors, 0 left on base; Houston 2 - Vista 2 | TOP OF THE 7TH |
---|
Houston Marshals batting - Pitching for Vista Panthers : RHP Carlos Trujillo | Batting: SHB Juan Gómez | 0-0: Ball 1-0: Ball 2-0: Foul Ball, location: 2F 2-1: Swinging Strike 2-2: Strikes out swinging | Batting: RHB Jim Tracy | 0-0: Swinging Strike 0-1: Ball 1-1: Ball 2-1: Fly out, F5 (Popup, 56S) | Batting: RHB Michael Thomas | 0-0: Foul Ball, location: 2F 0-1: Swinging Strike 0-2: SOLO HOME RUN (Flyball, 7D), Distance : 414 ft | Batting: RHB Javier Rentería | 0-0: Ball 1-0: Ground out 6-3 (Groundball, 6) | Top of the 7th over - 1 run, 1 hit, 0 errors, 0 left on base; Houston 3 - Vista 2 | BOTTOM OF THE 7TH |
---|
Vista Panthers batting - Pitching for Houston Marshals : RHP José Gonzáles | Batting: RHB Jake Reeves | 0-0: Ball 1-0: Foul Ball, location: 2F 1-1: Ball 2-1: Foul Ball, location: 2F 2-2: Strikes out swinging | Batting: LHB Noriaki Sangi | 0-0: Ball 1-0: Ball 2-0: Ground out 6-3 (Groundball, 56) | Batting: RHB Cisco Gatán | 0-0: Ball 1-0: Swinging Strike 1-1: Ball 2-1: Foul Ball, location: 2F 2-2: Ball 3-2: Foul Ball, location: 2F 3-2: Foul Ball, location: 2F 3-2: SINGLE (Groundball, 56D) | Pitching: RHP Jim Durham | | Batting: RHB Phil Matthews | 0-0: Called Strike 0-1: Fly out, F9 (Line Drive, 9) | Bottom of the 7th over - 0 runs, 1 hit, 0 errors, 1 left on base; Houston 3 - Vista 2 | TOP OF THE 8TH |
---|
Houston Marshals batting - Pitching for Vista Panthers : RHP Carlos Trujillo | Pitching: LHP António Martínez | | Batting: LHB Guy Moss | 0-0: Ball 1-0: Ball 2-0: Ground out 6-3 (Groundball, 6) | Batting: SHB Ramón Lugo | 0-0: Called Strike 0-1: Ball 1-1: Swinging Strike 1-2: Ball 2-2: Ball 3-2: Ground out 4-3 (Groundball, 34) | Batting: LHB Matt Smith | 0-0: Called Strike 0-1: Foul Ball, location: 2F 0-2: Ball 1-2: Strikes out looking | Top of the 8th over - 0 runs, 0 hits, 0 errors, 0 left on base; Houston 3 - Vista 2 | BOTTOM OF THE 8TH |
---|
Vista Panthers batting - Pitching for Houston Marshals : RHP Jim Durham | Batting: RHB Carlos García | 0-0: Ball 1-0: Called Strike 1-1: Ball 2-1: Ball 3-1: Base on Balls | Pitching: LHP Edgardo Guzmán | | Batting: LHB Ramiro Martínez | 0-0: Sac Bunt - play at first, batter OUT! 5-4 Carlos García to second | Pitching: RHP Jim Daniel | | Batting: RHB Stephen Wilson | 0-0: Called Strike 0-1: Ball 1-1: Foul Ball, location: 2F 1-2: Ball 2-2: Foul Ball, location: 2F 2-2: Ball 3-2: Foul Ball, location: 2F 3-2: Base on Balls | Batting: LHB Dante Owens | 0-0: Ball 1-0: Foul Ball, location: 2F 1-1: Ball 2-1: Called Strike 2-2: Ball 3-2: Foul Ball, location: 2F 3-2: Foul Ball, location: 2F 3-2: Base on Balls Carlos García to third Stephen Wilson to second | Batting: SHB Juan Castro | 0-0: Called Strike 0-1: Fly out, F8 (Flyball, 89D) Runner from 3rd tags up, SCORES, throw made | Batting: RHB Jake Reeves | 0-0: Foul Ball, location: 2F 0-1: Called Strike 0-2: Ground out 6-3 (Groundball, 6M) | Bottom of the 8th over - 1 run, 0 hits, 0 errors, 2 left on base; Houston 3 - Vista 3 | TOP OF THE 9TH |
---|
Houston Marshals batting - Pitching for Vista Panthers : LHP António Martínez | Pitching: RHP David Simpson | | Batting: LHB Lewis Barr | 0-0: Ball 1-0: Ball 2-0: Ground out 5-3 (Groundball, 56) | Batting: RHB Esteban Lara | 0-0: Fly out, F8 (Flyball, 89D) | Batting: SHB Juan Gómez | 0-0: Ball 1-0: Ball 2-0: Ball 3-0: Base on Balls | Batting: RHB Jim Tracy | 0-0: Ground out 4-3 (Groundball, 4M) | Top of the 9th over - 0 runs, 0 hits, 0 errors, 1 left on base; Houston 3 - Vista 3 | BOTTOM OF THE 9TH |
---|
Vista Panthers batting - Pitching for Houston Marshals : RHP Jim Daniel | Batting: LHB Noriaki Sangi | 0-0: Ball 1-0: Ball 2-0: Ball 3-0: Called Strike 3-1: Foul Ball, location: 2F 3-2: Base on Balls | Pinch Runner at 1st Francisco Medina: | | Batting: RHB Cisco Gatán | 0-0: Ball 1-0: Foul Ball, location: 2F 1-1: Ball 2-1: Fly out, F9 (Flyball, 89M) | Batting: RHB Phil Matthews | 0-0: Ball 1-0: Ball 2-0: Foul Ball, location: 2F 2-1: Ground out 5-3 (Groundball, 56) Francisco Medina to second | Batting: RHB Carlos García | 0-0: Ball 1-0: Foul Ball, location: 2F 1-1: SINGLE (Line Drive, 4M) Francisco Medina to third Runner from 3rd tries for Home, SAFE, throw made home | Saturday, December 16th, 2017 - OOTP Baseball 18.8 Build 76 |
|